 Dungeon Crawl Stone Soup version 0.28-a0-730-g892d06dc2c (webtiles) character file.

Game seed: 587987140696329256

88 ytrimaz the Chopper (level 4, 20/34 HPs)
             Began as a Demonspawn Gladiator on Oct 28, 2021.
             Quit the game on level 2 of the Dungeon.
             The game lasted 00:01:57 (1915 turns).

ytrimaz the Chopper (Demonspawn Gladiator)          Turns: 1915, Time: 00:01:58

Health: 20/34      AC:  4    Str: 15    XL:     4   Next: 30%
Magic:  4/4        EV: 12    Int: 10    God:
Gold:   66         SH:  0    Dex: 14    Spells: 3/3 levels left

rFire   . . .      SeeInvis .   a - +1 war axe
rCold   . . .      Faith    .   (no shield)
rNeg    . . .      Spirit   .   b - +0 leather armour
rPois   .          Reflect  .   c - +0 helmet
rElec   .          Harm     .   (no cloak)
rCorr   .          Rampage  .   (no gloves)
Will    .....                   (no boots)
Stlth   +.........              (no amulet)
HPRegen 0.11/turn               (no ring)
MPRegen 0.09/turn               (no ring)

@: no status effects
A: claws 1, demonic magic 1
a: no special abilities


You were on level 2 of the Dungeon.
You visited 1 branch of the dungeon, and saw 2 of its levels.

You collected 66 gold pieces.

Inventory:

Hand Weapons
 a - a +1 war axe (weapon)
Missiles
 d - 3 throwing nets (quivered)
Armour
 b - a +0 leather armour (worn)
 c - a +0 helmet (worn)
Scrolls
 g - 2 scrolls of teleportation
 h - a scroll of immolation {unknown}
Potions
 e - a potion of lignification
 f - a potion of mutation {unknown}


   Skills:
 + Level 2.4 Fighting
 + Level 3.5 Axes
 - Level 1.7 Throwing
 * Level 1.9 Armour
 + Level 3.1 Dodging


You had 3 spell levels left.
You didn't know any spells.
Your spell library contained the following spells:

 Spells                   Type           Power      Damage    Failure   Level
 Slow                     Hex            0%         N/A       56%         2
 Confusing Touch          Hex            0%         N/A       80%         3
 Vampiric Draining        Necr           0%         2d6       80%         3


Dungeon Overview and Level Annotations

Branches:
Dungeon (2/15)

Altars:


Innate Abilities, Weirdness & Mutations

You have sharp fingernails.
Spells you cast may paralyse adjacent enemies.


Message History

The ball python constricts you. The ball python closely misses you.
The ball python constricts you. The adder barely misses you.
You closely miss the adder. You hit the ball python.
You kill the ball python!
The adder bites you. The adder closely misses you.
You barely miss the adder. The adder bites you.
Unknown command.
You closely miss the adder. The adder misses you. The adder barely misses you.
You hit the adder.
The adder is moderately wounded.
The adder bites you. The adder closely misses you.
You closely miss the adder.
The adder is moderately wounded.
The adder bites you but does no damage. The adder bites you.
You barely miss the adder.
The adder is lightly wounded.
The adder bites you.
You closely miss the adder.
The adder is lightly wounded.
The adder misses you. The adder bites you.
You are poisoned.
The adder poisons you!
You hit the adder.
The adder is heavily wounded.
You feel sick.
The adder bites you but does no damage. x2
You hit the adder.
The adder is almost dead.
You feel sick. The adder bites you.
You completely miss the adder.
The adder is almost dead.
You feel sick.
You are no longer poisoned.
The adder barely misses you. x2
You hit the adder.
You kill the adder!
You see here an adder corpse.
Found a whip.
Are you sure you want to abandon this character and quit the game? (Confirm with "yes".)
Okay, then.
Are you sure you want to abandon this character and quit the game? (Confirm with "yes".)

#.....)..# #........#
#........# ## #.....$..#
#. #........# #.
####.......^# #.
............# #.
.......@....# #.
#####...††...# #.
#.##....!#...### #[
...............## ##
#....#...###....########
.......#(###..#........##
#..........##...# #.....
...#........#.#.## #..[.#
.....###......#..# #....#


There were no monsters in sight!

Vanquished Creatures
  Terence (D:2)
  Jessica (D:2)
  An adder (D:2)
  A worm (D:2)
  An endoplasm (D:1)
  4 goblins
  4 jackals (D:1)
  A quokka (D:1)
  2 ball pythons
  A bat (D:1)
  3 frilled lizards
  5 kobolds
25 creatures vanquished.

Notes
Turn   | Place    | Note
-------+----------+-------------------------------------------
     0 | D:1      | ytrimaz the Demonspawn Gladiator began the quest for the
                  | Orb.
     0 | D:1      | Reached XP level 1. HP: 16/16 MP: 1/1
    10 | D:1      | Found a faded altar of an unknown god.
   560 | D:1      | Gained mutation: Spells you cast may paralyse adjacent
                  | enemies. [demonic ancestry]
   560 | D:1      | Reached XP level 2. HP: 10/22 MP: 2/2
  1366 | D:2      | Noticed Jessica
  1376 | D:2      | Killed Jessica
  1377 | D:2      | Reached skill level 1 in Armour
  1377 | D:2      | Reached XP level 3. HP: 13/27 MP: 3/3
  1475 | D:2      | Noticed Terence
  1490 | D:2      | Killed Terence
  1491 | D:2      | Gained mutation: You have sharp fingernails. [demonic
                  | ancestry]
  1491 | D:2      | Reached XP level 4. HP: 6/34 MP: 4/4
  1915 | D:2      | Quit the game

Illustrated notes

Levels and vault maps discovered:
D:1:      wander_arrival_desolate, layout_loops_ring,
          shapermc_ecumenical_altar_totnotflames, chequers_hall_statues_wall_a,
          minmay_stone_trees_medium, nrook_uturn, st_stairs_9,
          hangedman_decor_growths, minivault_19, minmay_tromino_v7
D:2:      layout_rooms, uniq_sigmund, uniq_terence, uniq_jessica

Skill      XL: |  1  2 |
---------------+-------+-----
Axes           | 3 |  3.5
Dodging        | 3 |  3.1
Armour         | 1 |  1.9
Fighting       | |  2.4
Throwing       | |  1.7

Action                   |  1- 3 |  4- 6 || total
-------------------------+-------+-------++-------
Melee: War axe           |    82 |    22 ||   104
  Use: Scroll            |     5 |       ||     5
Armor: Leather armour    |    36 |     6 ||    42
Dodge: Dodged            |    75 |    22 ||    97

Table legend: (Time is in decaauts)
 A = Elapsed time spent in this place.
 B = Non-inter-level travel time spent in this place.
 C = Inter-level travel time spent in this place.
 D = Time resting spent in this place.
 E = Time spent auto-exploring this place.
 F = Levels seen in this place.
 G = Mean time per level.
                   A        B        C        D        E       F      G
               +--------+--------+--------+--------+--------+-----+--------+
         Total |   1950 |   1900 |     50 |      0 |   1638 |   2 |  975.0 |
       Dungeon |   1950 |   1900 |     50 |      0 |   1638 |   2 |  975.0 |
               +--------+--------+--------+--------+--------+-----+--------+

Top non-repeatable levels by time:
     D:1: 1336 daAuts
     D:2: 613 daAuts
